Cogmind - Beta 14 @@@ ROGUE MODE // 2024.08.15 @ 05:29:42 Player: cptwinky Result: Destroyed by B-86 Titan with Railgun Performance ------------- Evolutions (6) 3000 Regions Visited (10) 2000 Robots Destroyed (146) 730 Value Destroyed (7689) 7689 Prototype IDs (54) 1080 Alien Tech Used (0) 0 Bonus (8218) 8218 TOTAL SCORE: 22717 Bonus ------- Triggered High Security 500 High Alert Combat Kills 2510 Follower Combat Kills 1973 Delivered SUBCON Basin 2000 Registered with UFD 300 Met Warlord at Base 500 MAIN.C Attacked Warlord 500 Warlord Defense Kills 1198 Friendly Fire -1263 Cogmind --------- Core Integrity 0/1150 Matter 210/300 Energy 96/100 System Corruption 16% Temperature Cool (9) Movement Core (50) Location -4/Factory Parts ------- > --- POWER (2) -------- (None) > --- PROPULSION (5) --- (None) > --- UTILITY (10) ----- Improved Targeting Computer Core Analyzer Ghost Barrier > --- WEAPON (2) ------- (None) > --- INVENTORY (5) ---- Matter Compressor (128) Makeshift Transmission Jammer Advanced Hardlight Generator Amulet of Y3-NDR Peak State ------------ > --- POWER ------------ Neutrino Core Micro Fission Core > --- PROPULSION ------- Advanced Medium Treads Overtuned Huge Scrapsphere Overtuned Huge Scrapsphere > --- UTILITY ---------- Scrap Suit Advanced Cryofiber Web Advanced Coolant Injector Huge Storage Unit Improved Targeting Computer Core Analyzer Layered Heavy Armor Plating Tech Extrapolator > --- WEAPON ----------- Vortex Rifle Hypervelocity Mass Driver > --- INVENTORY -------- Micro Fission Core Compact Battery Matter Compressor Seismic Detector Advanced Particle Charger Advanced Particle Charger Makeshift Transmission Jammer Advanced Transmission Jammer Layered Heavy Armor Plating Layered Heavy Armor Plating Advanced Hardlight Generator Advanced Hardlight Generator Advanced Remote Shield Ghost Barrier Component Analysis Suite Amulet of Y3-NDR Phase Gun Long-range Proton Cannon Heavy Gauss Cannon Heavy Rocket Launcher Improved Datajack Multitool Flail [Rating: 119] Favorites ----------- Power Improved Deuterium Engine Engine Improved Deuterium Engine Power Core Light Fission Core Reactor Vortex Chain Reactor Propulsion Light Treads Treads Light Treads Leg Flexi-carbon Leg Wheel Armored Huge Wheel Utility Huge Storage Unit Device Scrap Suit Storage Huge Storage Unit Processor Tech Extrapolator Hackware Advanced Hacking Suite Protection Enhanced Scrap Shield Weapon Heavy Plasma Cannon Energy Gun Subdweller Laser Energy Cannon Heavy Plasma Cannon Ballistic Gun Subdweller Machine Gun Ballistic Cannon Light Cannon Launcher Subdweller Shrapnel Launcher Special Weapon Multitool Impact Weapon Flail Special Melee Weapon Improved Datajack Build | -11 -10 -10 -7 -7 -5 -5 -5 -5 -4 -4 ------- Run | Yrd Mat Sub Rec Scr Fac Upp Upp War Pro Fac Slots Evolved 12 | . . . . . 10 . . . . 2 Power 1 | . . . . . 1 . . . . . Propulsion 3 | . . . . . 2 . . . . 1 Utility 8 | . . . . . 7 . . . . 1 Weapon . | . . . . . . . . . . . Parts Attached 228 | 6 5 27 7 11 14 16 9 14 30 89 Power 17 | 1 1 1 . 1 3 1 1 1 2 5 Engine 7 | 1 1 1 . 1 1 1 . . 1 . Core 8 | . . . . . 2 . 1 . 1 4 Reactor 2 | . . . . . . . . 1 . 1 Propulsion 35 | 2 . 5 2 3 2 2 1 3 8 7 Treads 17 | 2 . 1 . 1 2 2 1 3 3 2 Leg 8 | . . . . . . . . . 5 3 Wheel 10 | . . 4 2 2 . . . . . 2 Hover . | . . . . . . . . . . . Flight . | . . . . . . . . . . . Utility 71 | 1 2 2 1 2 9 9 5 4 9 27 Device 41 | . 1 1 1 1 4 8 5 2 6 12 Storage 5 | 1 1 1 . . . . . . . 2 Processor 6 | . . . . 1 2 . . 1 . 2 Hackware 3 | . . . . . . . . . . 3 Protection 16 | . . . . . 3 1 . 1 3 8 Artifact . | . . . . . . . . . . . Weapon 105 | 2 2 19 4 5 . 4 2 6 11 50 Energy Gun 25 | 1 . . 2 . . . . 2 2 18 Energy Cannon 20 | . . . . 3 . 2 2 1 6 6 Ballistic Gun 2 | 1 . 1 . . . . . . . . Ballistic Cannon 20 | . 2 9 . . . . . . . 9 Launcher 14 | . . 5 . . . 1 . 1 3 4 Special Weapon 3 | . . . . . . 1 . . . 2 Impact Weapon 6 | . . 2 1 . . . . . . 3 Slashing Weapon . | . . . . . . . . . . . Piercing Weapon . | . . . . . . . . . . . Special Melee Weapon 15 | . . 2 1 2 . . . 2 . 8 Unidentified Prototypes 6 | . . 1 . . . 1 1 1 . 2 Corrupted Parts 3 | . . . . . . . . . 2 1 System Corruption 9 | . . . . . . . . . 8 1 Parts Lost 41 | . . . . . 1 . . . 6 34 Power 5 | . . . . . . . . . . 5 Propulsion 6 | . . . . . . . . . 3 3 Utility 17 | . . . . . 1 . . . 2 14 Weapon 13 | . . . . . . . . . 1 12 Highest Loss Streak 7 | . . . . . 1 . . . 3 7 To Critical Strikes . | . . . . . . . . . . . Average Slot Usage (%) 89 | . 98 99 99 90 83 81 81 80 88 78 Engine 8 | . 14 14 14 14 6 5 5 3 2 1 Core 2 | . . . . . 1 5 5 3 2 7 Treads 10 | . 28 19 . . 10 11 11 11 11 2 Leg 2 | . . . . . . . . . 9 9 Wheel 8 | . . 8 28 19 5 5 5 5 . 5 Device 14 | . 12 14 13 7 13 16 16 16 22 15 Storage 9 | . 14 14 14 14 5 5 5 5 5 4 Processor 7 | . . . . 6 16 11 11 11 11 13 Protection 2 | . . . . . 6 4 5 5 4 3 Energy Gun 1 | . 1 . 11 2 . . . 1 1 3 Energy Cannon 7 | . . . . 21 11 10 11 5 9 2 Ballistic Gun 1 | . 1 1 13 . . . . . . . Ballistic Cannon 7 | . 25 23 . . . . . . . 2 Peak Build Rating 119 | 6 10 33 33 37 74 82 90 108 104 119 Average Rating 55 | 4 8 17 27 30 65 77 87 92 93 101 On Entrance 48 | . 6 10 33 14 37 74 82 90 104 87 Naked Turns . | . . . . . . . . . . . Heaviest Build 168 | 11 33 97 94 114 142 141 141 168 168 156 Greatest Support 115 | 40 40 40 32 32 28 28 28 28 80 115 Greatest Overweight (x) 9 | . . 9 9 6 5 5 5 5 5 7 Average Overweight (x) 2 | . . 1 3 2 4 4 4 4 1 2 Largest Inventory Capacity 25 | 8 15 25 25 25 25 25 25 25 25 25 Average Capacity 22 | 6 12 18 25 25 25 25 25 25 25 24 Most Carried 25 | 7 15 25 25 25 25 25 25 25 25 25 Average Carried 21 | 3 11 17 20 23 22 24 24 24 23 22 Final Capacity 25 | 8 15 25 25 25 25 25 25 25 25 5 Final Carried 25 | 7 15 25 13 25 25 25 25 25 24 4 Class Distribution -------------------- 34% | Mutant 20% | Derelict-Mutant 19% | Commander-Mutant 17% | Scavenger-Mutant 6% | Scavenger-Scrapper Dominant Class ---------------- Mutant | -10/Materials Mutant | -10/Subcaves Commander-Mutant | -7/Recycling Commander-Mutant | -7/Scraptown Derelict-Mutant | -5/Factory Derelict-Mutant | -5/Upper Caves Scavenger-Mutant | -5/Upper Caves Scavenger-Mutant | -5/Warlord Scavenger-Mutant | -4/Proximity Caves Scavenger-Scrapper | -4/Factory Resources | -11 -10 -10 -7 -7 -5 -5 -5 -5 -4 -4 ----------- Run | Yrd Mat Sub Rec Scr Fac Upp Upp War Pro Fac Matter Collected 4445 | 265 195 652 86 120 140 530 100 121 491 1745 Remotely . | . . . . . . . . . . . Salvage Created 7968 | 100 324 197 481 . 452 654 529 462 880 3889 Parts 319 | 10 18 21 16 . 17 20 20 9 26 162 Haulers Intercepted 2 | . 2 . . . . . . . . . Recyclers Shooed 2 | . . . 1 . . . . . . 1 Parts Field Recycled . | . . . . . . . . . . . Retrieved Matter . | . . . . . . . . . . . Parts Self-Destructed 75 | . . 21 . . . 9 24 . 21 . Prevented 45 | . . . . . . 2 29 . 14 . Kills | -11 -10 -10 -7 -7 -5 -5 -5 -5 -4 -4 ------- Run | Yrd Mat Sub Rec Scr Fac Upp Upp War Pro Fac Combat Hostiles Destroyed 122 | . 6 6 1 . 7 9 7 9 15 62 Guns 15 | . 1 . 1 . . . . 6 1 6 Cannons 59 | . 5 1 . . 5 6 4 2 8 28 AOE 35 | . . 5 . . . 3 . . 4 23 Classes Destroyed 20 | 2 3 4 2 . 3 3 . 2 . 1 Worker 2 | . . . . . 1 . . . . 1 Builder 3 | . . . 2 . . . . . . 1 Tunneler 3 | 2 . . . . . . . . . 1 Hauler 3 | . 2 . . . . . . . . 1 Recycler 7 | 1 . . 5 . . . . . . 1 Carrier 1 | . . . . . . . . . . 1 Operator 1 | . 1 . . . . . . . . . Turret 1 | . . 1 . . . . . . . . Swarmer 12 | . . 5 . . . . . . 2 5 Grunt 55 | . 6 . . . 2 2 5 4 9 27 Brawler 11 | . . . . . . 4 . 2 2 3 Duelist 5 | . . . . . . 1 . 1 1 2 Protector 1 | . . . . . . . . 1 . . Sentry 9 | . . . 1 . . 2 . . 1 5 Hunter 13 | . . . . . 4 . . . . 9 Programmer 15 | . . . . . 1 . 1 . . 13 Executioner 1 | . . . . . . . . 1 . . Artisan 1 | . . 1 . . . . . . . . Subdweller 2 | . . 2 . . . . . . . . Wizard 1 | . . . . . . . 1 . . . Mutant 2 | . . . . . . 1 1 . . . Best Kill Streak 8 | 3 2 3 4 . 3 5 2 5 4 8 Combat Bots Only 8 | . 2 2 1 . 3 5 2 5 4 8 Max Kills in Single Turn 7 | 1 1 2 2 . 2 1 2 2 1 7 Gunslinging . | . . . . . . . . . . . Exploded 7 | . . 2 . . . 1 . . 1 7 Melee . | . . . . . . . . . . . Uniques/NPCs Destroyed . | . . . . . . . . . . . Combat | -11 -10 -10 -7 -7 -5 -5 -5 -5 -4 -4 -------- Run | Yrd Mat Sub Rec Scr Fac Upp Upp War Pro Fac Hostile Shots Fired 1049 | . 17 33 9 . 67 31 46 142 108 596 Missed 353 | . 7 15 3 . 12 17 14 68 28 189 Deflected 10 | . . . . . . . . . . 10 Damage Taken 13640 | . 127 355 40 . 737 237 461 1217 1603 8863 Core 1533 | . 23 55 16 . 51 31 26 82 84 1165 Absorbed by Shields 1146 | . 20 4 . . 310 78 136 121 114 363 Redirected to Shielding 67 | . . . . . . . . . . 67 Regen/Repaired (Parts) 879 | . 258 . . 547 26 6 30 12 . . Core Remaining (%) 78 | 100 . . . 62 . . . . 72 . Volleys Fired 390 | 4 21 46 13 . 22 33 25 31 44 151 Largest 2 | 2 2 2 2 . 2 2 2 2 2 2 Hottest 188 | 60 70 74 90 . 180 180 188 130 188 164 Shots Fired 652 | 8 42 63 25 . 42 50 49 55 70 248 Gun 192 | 8 12 . 25 . . . . 29 3 115 Cannon 424 | . 30 52 . . 42 41 49 26 59 125 Launcher 31 | . . 11 . . . 4 . . 8 8 Special 5 | . . . . . . 5 . . . . Kinetic 202 | 4 36 56 13 . . 4 . . . 89 Thermal 249 | 4 6 . 12 . 42 46 49 26 49 15 Explosive 23 | . . 7 . . . . . . 8 8 Electromagnetic 125 | . . . . . . . . . 10 115 Entropic 53 | . . . . . . . . 29 3 21 Robot Hit Streak 17 | 5 17 3 5 . 11 14 17 13 13 16 Robot Miss Streak 5 | 1 2 2 2 . 2 2 3 1 5 4 Penetration Max 1 | . . . . . . . . . . 1 Secondary Targets . | . . . . . . . . . . . Shots Hit Robots 429 | 6 28 16 14 . 27 37 28 43 47 183 Core Hits 275 | 3 14 14 8 . 13 27 8 22 29 137 Critical Kills 25 | . . 1 . . 2 1 3 1 . 17 Critical Parts Destroyed 13 | . . 1 . . . . . . . 12 Critical Strikes 45 | . 1 5 . . 2 1 3 1 . 32 Meltdown 8 | . . . . . 2 1 3 1 . 1 Destroy 27 | . . . . . . . . . . 27 Blast 6 | . 1 2 . . . . . . . 3 Smash 4 | . . 3 . . . . . . . 1 Melee Attacks 39 | . . 10 4 . . . . 3 . 22 Impact 21 | . . 8 4 . . . . . . 9 Slashing . | . . . . . . . . . . . Piercing . | . . . . . . . . . . . Sneak Attacks 19 | . . 3 1 . . . . 3 . 12 Combat Hostiles 9 | . . . . . . . . . . 9 Follow-up Attacks . | . . . . . . . . . . . Damage Inflicted 18582 | 71 471 1075 388 . 960 1889 982 1907 2248 8591 Guns 3522 | 71 127 . 338 . . . . 1232 137 1617 Cannons 8007 | . 327 131 . . 960 936 982 675 1290 2706 Explosions 6137 | . . 410 . . . 922 . . 821 3984 Melee 784 | . . 534 50 . . . . . . 200 Ramming 101 | . 17 . . . . . . . . 84 Kinetic 3332 | 39 388 131 171 . . 922 . . . 1681 Thermal 7995 | 32 66 . 167 . 960 967 982 675 1068 3078 Explosive 2219 | . . 410 . . . . . . 821 988 Electromagnetic 2258 | . . . . . . . . . 222 2036 Impact 784 | . . 534 50 . . . . . . 200 Slashing . | . . . . . . . . . . . Piercing . | . . . . . . . . . . . Entropic 1893 | . . . . . . . . 1232 137 524 Highest Corruption 16 | . . . . . 1 1 . 6 15 16 Average Corruption 5 | . . . . . 1 1 . 3 7 3 Corruption Purged 1 | . . . . . . 1 . . . . Corruption Blocked 4 | . . . . . . . . . . 4 Effects 97 | . . . . . . . . . 66 31 Message Errors 23 | . . . . . . . . . 15 8 Matter Fused 21 | . . . . . . . . . 19 2 Heat Flow Errors 13 | . . . . . . . . . 9 4 Energy Discharges 16 | . . . . . . . . . 10 6 Parts Fused 2 | . . . . . . . . . 1 1 Data Loss (minor) 4 | . . . . . . . . . 2 2 Data Loss (major) 8 | . . . . . . . . . 6 2 Misfires 3 | . . . . . . . . . 2 1 Alerts 2 | . . . . . . . . . 1 1 Misdirections 2 | . . . . . . . . . . 2 Weapon Failures 3 | . . . . . . . . . 1 2 Overload Shots . | . . . . . . . . . . . Overflow Damage 470 | . . 216 30 . 23 . 27 17 4 153 Projectiles 171 | . . . . . 23 . 27 17 4 100 Explosions 53 | . . . . . . . . . . 53 Melee 246 | . . 216 30 . . . . . . . Knockbacks 19 | . 1 3 1 . . . . . . 14 Impact 4 | . 1 2 1 . . . . . . . Kinetic 15 | . . 1 . . . . . . . 14 Secondary . | . . . . . . . . . . . Self-Inflicted Damage 331 | . . 13 . . . . . . . 318 Shots 8 | . . 1 . . . . . . . 7 Rammed 16 | . 3 . . . . . . . . 13 Targets Rammed 17 | . 3 . . . . . . . . 14 Kicked 1 | . . . . . . . . . . 1 Crushed . | . . . . . . . . . . . Highest Temperature 372 | . 75 . 90 . 108 146 229 . 351 372 Average Temperature 96 | . 24 . 30 . 41 48 78 . 123 111 Received Heat Transfer 2355 | . 72 27 6 . 36 83 157 107 338 1529 Effects 2 | . . . . . . . . . 1 1 Energy Bleed 1 | . . . . . . . . . . 1 Damage (minor) 1 | . . . . . . . . . 1 . Siege Activations . | . . . . . . . . . . . Robots Corrupted 9 | . . 2 1 . . . . . 1 5 Combat Hostiles 7 | . . 2 . . . . . . 1 4 Parts Fried 25 | . . 1 3 . . . . 1 2 18 Impact Corruptions 5 | . . 4 1 . . . . . . . Robots Melted 9 | . . . . . 2 1 3 1 1 1 Combat Hostiles 9 | . . . . . 2 1 3 1 1 1 Parts Melted 31 | . . . . . 10 1 4 3 9 4 Heat Transferred 9512 | 75 150 . 200 . 1400 1575 1500 887 1650 2075 Parts Sabotaged 3 | . . . . . . . . . . 3 Parts Stolen . | . . . . . . . . . . . Parts Stripped . | . . . . . . . . . . . Power Chain Reactions 8 | . . . . . . . . . . 8 Alert | -11 -10 -10 -7 -7 -5 -5 -5 -5 -4 -4 ------- Run | Yrd Mat Sub Rec Scr Fac Upp Upp War Pro Fac Peak Influence 2292 | 15 120 . 61 . 243 . . . . 2292 Initial 88 | . 9 . 61 . . . . . . 88 Average 343 | 3 45 . 18 . 113 . . . . 716 Maximum Alert Level 5 | . . . . . 1 . . . . 5 Low Security (%) 72 | 100 100 . 100 . 76 . . . . 43 Level 1 5 | . . . . . 23 . . . . 6 Level 2 3 | . . . . . . . . . . 8 Level 3 2 | . . . . . . . . . . 6 Level 4 8 | . . . . . . . . . . 19 Level 5 3 | . . . . . . . . . . 8 High Security 3 | . . . . . . . . . . 8 Max Security . | . . . . . . . . . . . Squads Dispatched 42 | . . . . . 4 . . . 1 37 Investigation 9 | . . . . . 2 . . . . 7 Extermination 6 | . . . . . . . . . . 6 Reinforcement 5 | . . . . . 2 . . . . 3 Assault 14 | . . . . . . . . . 1 13 Garrison 8 | . . . . . . . . . . 8 Intercept . | . . . . . . . . . . . Searches Triggered . | . . . . . . . . . . . Construction Impeded 2 | . . . . . 1 . . . . 1 Haulers Reinforced 1 | . . . . . . . . . . 1 Active Scanning Responses . | . . . . . . . . . . . Cargo Convoy Interrupts 1 | . . . . . 1 . . . . . Stealth | -11 -10 -10 -7 -7 -5 -5 -5 -5 -4 -4 --------- Run | Yrd Mat Sub Rec Scr Fac Upp Upp War Pro Fac Distress Signals 5 | . . . . . . . . 1 . 4 Communications Jammed 17 | . . . . . . . . . . 17 Distress Signals 15 | . . . . . . . . . . 15 Times Spotted 295 | . 17 27 2 . 25 12 21 50 26 115 Peak Tracking Total 18 | . 2 6 1 . 11 5 5 13 9 18 Tactical Retreats 22 | . 1 1 . . 2 1 1 1 7 8 Traps | -11 -10 -10 -7 -7 -5 -5 -5 -5 -4 -4 ------- Run | Yrd Mat Sub Rec Scr Fac Upp Upp War Pro Fac Traps Triggered 3 | . . 1 . . 1 . . . . 1 Indirectly . | . . . . . . . . . . . Trap Hack Attempts 109 | . . . . . . . . . . 109 Triggered . | . . . . . . . . . . . Disarmed . | . . . . . . . . . . . Reprogrammed 15 | . . . . . . . . . . 15 Reused 4 | . . . . . . . 1 . . 3 Traps Extracted . | . . . . . . . . . . . Installed 1 | . . . . . . . 1 . . . Triggered 16 | . . . . . . 2 3 8 . 3 Most Traps Carried 1 | . . . . 1 1 1 1 . . . Machines | -11 -10 -10 -7 -7 -5 -5 -5 -5 -4 -4 ---------- Run | Yrd Mat Sub Rec Scr Fac Upp Upp War Pro Fac Machines Disabled 37 | . 2 2 . . 1 1 2 1 . 28 Max in Single Turn 4 | . 1 1 . . 1 1 1 1 . 4 Machines Repaired . | . . . . . . . . . . . Machines Dismantled . | . . . . . . . . . . . Machines Sabotaged . | . . . . . . . . . . . Overloaded Fab Kills . | . . . . . . . . . . . Hacking | -11 -10 -10 -7 -7 -5 -5 -5 -5 -4 -4 --------- Run | Yrd Mat Sub Rec Scr Fac Upp Upp War Pro Fac Machines Accessed 40 | . 9 4 4 2 1 . . 6 . 14 Terminals 15 | . 7 . 3 . . . . . . 5 Fabricators 5 | . . . . . . . . . . 5 Repair Stations 2 | . 1 . . . . . . . . 1 Recycling Units 5 | . 1 . 1 . 1 . . . . 2 Scanalyzers 1 | . . . . . . . . . . 1 Garrison Access . | . . . . . . . . . . . Total Hacks 97 | . 26 8 16 4 3 . . 11 . 29 Successful 54 | . 15 8 6 4 1 . . 11 . 9 Failed 43 | . 11 . 10 . 2 . . . . 20 Catastrophic 11 | . 2 . . . . . . . . 9 Database Lockouts . | . . . . . . . . . . . Manual 44 | . 20 . 12 . 1 . . . . 11 Terminals 40 | . 20 . 12 . . . . . . 8 Fabricators 13 | . . . . . . . . . . 13 Repair Stations 4 | . 2 . . . . . . . . 2 Recycling Units 15 | . 4 . 4 . 3 . . . . 4 Scanalyzers 2 | . . . . . . . . . . 2 Garrison Access . | . . . . . . . . . . . Terminal Hacks 29 | . 4 8 2 4 . . . 11 . . Record 12 | . . 5 . 3 . . . 4 . . Part Schematic 1 | . . . 1 . . . . . . . Robot Analysis 4 | . 3 . 1 . . . . . . . Prototype ID Bank 6 | . . . . . . . . 6 . . Open Door 2 | . . 1 . . . . . 1 . . Locate Traps 1 | . 1 . . . . . . . . . Derelict Proto ID Bank 2 | . . 1 . 1 . . . . . . Release Object 1 | . . 1 . . . . . . . . Fabricator Hacks 3 | . . . . . . . . . . 3 Network Status 1 | . . . . . . . . . . 1 Load Schematic 1 | . . . . . . . . . . 1 Build 1 | . . . . . . . . . . 1 Repair Station Hacks 3 | . 2 . . . . . . . . 1 Scan Component 2 | . 1 . . . . . . . . 1 Repair 1 | . 1 . . . . . . . . . Recycling Unit Hacks 3 | . 1 . 1 . . . . . . 1 Retrieve Components 3 | . 1 . 1 . . . . . . 1 Scanalyzer 1 | . . . . . . . . . . 1 Insert Component 1 | . . . . . . . . . . 1 Garrison Access Hacks . | . . . . . . . . . . . Unauthorized Hacks 15 | . 8 . 3 . 1 . . . . 3 Terminals 9 | . 7 . 2 . . . . . . . Botnet 2 | . 1 . 1 . . . . . . . Disrupt 2 | . 1 . 1 . . . . . . . Skim 5 | . 5 . . . . . . . . . Fabricators 2 | . . . . . . . . . . 2 Liberate 2 | . . . . . . . . . . 2 Repair Stations 2 | . . . . . 1 . . . . 1 Recycling Units 2 | . 1 . 1 . . . . . . . Reject 2 | . 1 . 1 . . . . . . . Scrapoids 2 | . . . . . 1 . . . . 1 Scanalyzers . | . . . . . . . . . . . Garrison Access . | . . . . . . . . . . . Data Cores Recovered 1 | . 1 . . . . . . . . . Used . | . . . . . . . . . . . Hacking Detections 25 | . 8 . 4 . 1 . . . . 12 Full Trace Events 6 | . . . . . . . . . . 6 Feedback Events . | . . . . . . . . . . . Feedback Blocked . | . . . . . . . . . . . Robot Schematics Acquired . | . . . . . . . . . . . Robots Built . | . . . . . . . . . . . Authchips . | . . . . . . . . . . . Time . | . . . . . . . . . . . Total Robot Build Rating . | . . . . . . . . . . . Part Schematics Acquired 45 | . . . 1 11 6 3 5 9 3 7 Parts Built 1 | . . . . . . . . . . 1 Authchips . | . . . . . . . . . . . Time 187 | . . . . . . . . . . 187 Total Part Build Rating 7 | . . . . . . . . . . 7 Parts Repaired 1 | . 1 . . . . . . . . . Time 26 | . 26 . . . . . . . . . Parts Recycled . | . . . . . . . . . . . Recycled Matter . | . . . . . . . . . . . Retrieved Matter . | . . . . . . . . . . . Retrieved Components 14 | . 3 . 2 . . . . . . 9 Parts Scanalyzed 1 | . . . . . . . . . . 1 Part Schematics Acquired . | . . . . . . . . . . . Parts Damaged 1 | . . . . . . . . . . 1 Bothacking | -11 -10 -10 -7 -7 -5 -5 -5 -5 -4 -4 ------------ Run | Yrd Mat Sub Rec Scr Fac Upp Upp War Pro Fac Used RIF Installer . | . . . . . . . . . . . Robots Hacked 6 | . . 2 . . . . . 3 . 1 Non-combat 1 | . . 1 . . . . . . . . Combat 4 | . . 1 . . . . . 3 . . Robot Hacks Applied 5 | . . 2 . . . . . 3 . . parse_system 5 | . . 2 . . . . . 3 . . Manual 1 | . . . . . . . . . . 1 Relay Couplers Released . | . . . . . . . . . . . Fabnet Peak Effective % . | . . . . . . . . . . . Robots Rewired 21 | . . . 12 . 1 1 1 . 1 5 Allies Hacked . | . . . . . . . . . . . Hacks Repelled . | . . . . . . . . . . . Allies | -11 -10 -10 -7 -7 -5 -5 -5 -5 -4 -4 -------- Run | Yrd Mat Sub Rec Scr Fac Upp Upp War Pro Fac Total Allies 62 | . . 16 12 . 6 1 9 . 7 11 Largest Group 12 | . . 9 11 11 12 1 4 2 3 5 Highest-Rated Group 383 | . . 171 257 258 383 30 319 130 243 238 Highest-Rated Ally 116 | . . 19 40 40 65 30 81 81 81 116 Total Orders 13 | . . . 2 4 1 2 . . . 4 STAY 4 | . . . 1 1 . 2 . . . . FOLLOW 4 | . . . 1 2 1 . . . . . DROP 2 | . . . . . . . . . . 2 COLLECT 1 | . . . . 1 . . . . . . EXPLORE 2 | . . . . . . . . . . 2 Ally Attacks 346 | . . 58 25 . 101 1 53 8 34 66 Total Damage 10568 | . . 721 555 . 2255 25 2168 161 1962 2721 Kills 70 | . . 9 2 . 13 1 16 1 12 16 Allies Corrupted 2 | . . . . . . . . 1 . 1 Allies Melted 1 | . . . . . . . . 1 . . Intel | -11 -10 -10 -7 -7 -5 -5 -5 -5 -4 -4 ------- Run | Yrd Mat Sub Rec Scr Fac Upp Upp War Pro Fac Robot Analysis Total 4 | . 3 . 1 . . . . . . . Derelict Logs Recovered 10 | . . 1 . 5 . 2 1 . 1 . Drone Launches 4 | . . . . . . . . . . 4 Drone Recoveries 3 | . . . . . . . . . . 3 Exploration | -11 -10 -10 -7 -7 -5 -5 -5 -5 -4 -4 ------------- Run | Yrd Mat Sub Rec Scr Fac Upp Upp War Pro Fac Turns Passed 21773 | 113 1745 4700 907 3413 796 2195 1894 1250 1981 2779 Spaces Moved 11832 | 55 741 2780 497 2294 381 1236 1090 666 700 1392 Core 19 | 4 . . . . . . . . . 15 Treads 2954 | 51 741 1788 . . . . . . 374 . Legs 763 | . . . . . . . . . 310 453 Wheels 8096 | . . 992 497 2294 381 1236 1090 666 16 924 Hover . | . . . . . . . . . . . Flight . | . . . . . . . . . . . Fastest Speed 50 | 50 160 125 130 130 160 160 160 160 175 50 Average Speed 157 | 152 160 151 133 144 163 163 161 162 255 133 Slowest Speed 400 | 160 160 215 215 190 175 175 175 175 330 400 Overloaded Moves . | . . . . . . . . . . . Propulsion Burnouts . | . . . . . . . . . . . Robots Hopped . | . . . . . . . . . . . Cave-ins Triggered . | . . . . . . . . . . . Exploration Rate (%) 65 | 5 73 90 57 92 11 99 97 86 78 37 Regions Visited 10 Branch Regions 7 Pre-discovered Areas 2 | . . 1 . 1 . . . . . . Known Exits Taken 3 | . 1 1 1 . . . . . . . Unknown Exits Taken 7 | 1 . . . 1 1 1 1 1 1 . Scrap Searched 35 | . . 14 . 7 . 5 4 . 5 . Spaces Dug 39 | . . 3 3 . 1 2 2 3 14 11 Terrain Destroyed 424 | . . 47 5 . 10 35 16 4 125 182 Melee 7 | . . . 2 . . . . . . 5 Projectile 86 | . . 3 3 . 10 10 16 4 13 27 AOE 331 | . . 44 . . . 25 . . 112 150 Terrain Rammed . | . . . . . . . . . . . Walls Destroyed . | . . . . . . . . . . . Machines Disabled . | . . . . . . . . . . . Actions | -11 -10 -10 -7 -7 -5 -5 -5 -5 -4 -4 --------- Run | Yrd Mat Sub Rec Scr Fac Upp Upp War Pro Fac Total 14308 | 73 1259 3195 709 2396 512 1358 1180 780 816 2030 Wait 1280 | 2 466 299 49 53 82 51 27 51 10 190 Move 11822 | 54 740 2779 496 2293 380 1235 1089 665 699 1392 Hop . | . . . . . . . . . . . Pick Up 117 | 7 15 10 1 24 8 7 2 5 12 26 Fast Attach 56 | 6 3 4 3 2 3 2 2 3 9 19 Attach 44 | . . . . . 9 . . 1 9 25 Detach 18 | . . 1 2 1 2 . 2 1 4 5 Swap 128 | . 2 23 4 9 2 14 7 10 12 45 Drop 110 | . 9 23 2 14 2 10 7 10 6 27 Fire 390 | 4 21 46 13 . 22 33 25 31 44 151 Melee 39 | . . 10 4 . . . . 3 . 22 Ram 14 | . . . . . . . . . . 14 Kick 1 | . . . . . . . . . . 1 Crush 3 | . 3 . . . . . . . . . Escape Stasis . | . . . . . . . . . . . Rewire 175 | . . . 135 . 2 6 18 . 11 3 Trap 110 | . . . . . . . 1 . . 109 Miscellaneous 1 | . . . . . . . . . . 1 Route ------- -11/Scrapyard -10/Materials (discovered 5 exits: *Mat x3 / [*Min] / *Sub) -10/Subcaves (discovered 3 exits: *Mat x2 / *Rec) -7/Recycling (discovered 2 exits: *Fac / *Scr) -7/Scraptown (discovered 2 exits: *Fac x2) -5/Factory -5/Upper Caves -5/Upper Caves (discovered 2 exits: *Fac / *War) -5/Warlord -4/Proximity Caves -4/Factory (discovered 4 exits: *Res x3 / Arm) History --------- Turn | Location | Event 65 | -11/Scrapyard | Discovered new exit (range 15) 114 | -11/Scrapyard | Entered Materials 326 | -10/Materials | Build established: Mutant 386 | -10/Materials | Discovered new exit (range 16) 852 | -10/Materials | Repaired Lrg. Storage Unit 1307 | -10/Materials | Discovered new exit (range 12) 1463 | -10/Materials | Identified exit to Subcaves 1463 | -10/Materials | Identified exit to Materials 1562 | -10/Materials | Learned Storage garrison access intel 1634 | -10/Materials | Learned 2 Storage zone layouts 1652 | -10/Materials | Learned location of 1 exit from Recycling 1706 | -10/Materials | Learned 4 Subcaves zone layouts 1859 | -10/Materials | Entered Subcaves 1860 | -10/Subcaves | Identified exit to Recycling 1861 | -10/Subcaves | Identified exit to Materials 1872 | -10/Subcaves | Learned location of 1 exit from Materials 2004 | -10/Subcaves | Shifting Twisted Machinery released Mak. System Shield 2009 | -10/Subcaves | Shifting Twisted Machinery released Battle Rifle 2456 | -10/Subcaves | Visited triangular shrine 2471 | -10/Subcaves | Found Prototype Device 2471 | -10/Subcaves | Identified V3-11A's Pendant 2476 | -10/Subcaves | Befriended Subdweller 2628 | -10/Subcaves | Disturbed a concealed Subdweller 2636 | -10/Subcaves | Befriended Subdweller 3195 | -10/Subcaves | A swath of the cavern ceiling suddenly collapsed 3231 | -10/Subcaves | Befriended Subdweller 3320 | -10/Subcaves | Discovered exit to Materials (range 7) 3421 | -10/Subcaves | Befriended Subdweller 3559 | -10/Subcaves | Shifting Twisted Machinery released Barrage Gun 3589 | -10/Subcaves | Shifting Twisted Machinery released Humpback 3716 | -10/Subcaves | Befriended Subdweller 3736 | -10/Subcaves | Befriended Subdweller 3801 | -10/Subcaves | Befriended Subdweller 3806 | -10/Subcaves | Befriended Subdweller 3807 | -10/Subcaves | Shifting Twisted Machinery released Battle Cannon 3810 | -10/Subcaves | Shifting Twisted Machinery released Battle Rifle 3811 | -10/Subcaves | Befriended Subdweller 3811 | -10/Subcaves | Befriended Subdweller 3926 | -10/Subcaves | Befriended Subdweller 3931 | -10/Subcaves | Befriended Subdweller 3998 | -10/Subcaves | Disturbed a concealed Subdweller 4001 | -10/Subcaves | Befriended Subdweller 4287 | -10/Subcaves | Visited Clippyterm 4292 | -10/Subcaves | Learned location of Extension (-4) 4506 | -10/Subcaves | Befriended Subdweller 4846 | -10/Subcaves | Visited 4L-MR0's lab 5225 | -10/Subcaves | Found SUBCON Basin 5946 | -10/Subcaves | Befriended Subdweller 5977 | -10/Subcaves | Ambushed by angry Subdweller bent on revenge 5981 | -10/Subcaves | Befriended Subdweller 6559 | -10/Subcaves | Entered Recycling 6559 | -7/Recycling | Accompanied by 6 allies 6560 | -7/Recycling | Identified exit to Scraptown 6673 | -7/Recycling | Lost 4 allies 6897 | -7/Recycling | Discovered new exit (range 16) 7150 | -7/Recycling | Scanned before Scraplab entrance 7170 | -7/Recycling | Entered Scraplab 7336 | -7/Recycling | Build established: Commander-Mutant 7466 | -7/Recycling | Entered Scraptown 7466 | -7/Scraptown | Accompanied by 11 allies 7628 | -7/Scraptown | Delivered V3-11A's Pendant to T0-NE2 in exchange for information 7764 | -7/Scraptown | Heard Great Nut preacher, LISTEN AND RECITE! 7768 | -7/Scraptown | Discovered new exit (range 11) 7824 | -7/Scraptown | Scanned Subdweller tech in exchange for log data 7827 | -7/Scraptown | Learned location of Quarantine (-2) 7828 | -7/Scraptown | Learned location of 1 exit from Research 7880 | -7/Scraptown | Visited Cave Peace 7893 | -7/Scraptown | Visited The Evicted 7933 | -7/Scraptown | Visited Symbiants 7945 | -7/Scraptown | Visited Assassins FH 7998 | -7/Scraptown | Visited SPCMW 8024 | -7/Scraptown | Visited Comm Corps 8079 | -7/Scraptown | Visited CR-KLE's Repair Center 8109 | -7/Scraptown | CR-KLE repaired 7 parts 8380 | -7/Scraptown | Visited UFD Registry 8380 | -7/Scraptown | Registered with UFD as "Deathbot" 8416 | -7/Scraptown | Visited Junk Repository 8493 | -7/Scraptown | Visited Abandonware Association 8518 | -7/Scraptown | Learned abandonware demo "REVENGE.EXE" 8557 | -7/Scraptown | Visited A0-MCA Data Center 8576 | -7/Scraptown | Given a D rating by A0-MCA 8581 | -7/Scraptown | Found A0-MCA's Component Scanner 8618 | -7/Scraptown | Visited Supply Room 8670 | -7/Scraptown | Visited Observation Area 8732 | -7/Scraptown | Visited DA-N13 Charitable Foundation 8740 | -7/Scraptown | Found DCF Scrap (29 items) 8812 | -7/Scraptown | Visited Chapter 10 8867 | -7/Scraptown | Delivered Scrap Shield to a Scientist 9015 | -7/Scraptown | Visited Science Guys 9075 | -7/Scraptown | Visited Curators Association 9400 | -7/Scraptown | Tech Extrapolator generated special schematic: Machine Rigger 9997 | -7/Scraptown | Tech Extrapolator generated special schematic: Energy Deflector 10758 | -7/Scraptown | Discovered new exit (range 5) 10820 | -7/Scraptown | Found Scrap Suit 10879 | -7/Scraptown | Entered Factory 10879 | -5/Factory | Accompanied by 11 allies 10879 | -5/Factory | Evolved 10 slots: Power x1, Propulsion x2, Utility x7 11112 | -5/Factory | Lost 4 allies 11130 | -5/Factory | Found Scrap Suit 11132 | -5/Factory | Found Scrap Suit 11392 | -5/Factory | Build established: Derelict-Mutant 11451 | -5/Factory | Discovered new exit (range 7) 11537 | -5/Factory | Scrapoids reinforcements arrived? 11620 | -5/Factory | Cargo convoy interrupted 11675 | -5/Factory | Entered Upper Caves 11677 | -5/Upper Caves | UFD Scientist delivered a prototype 11680 | -5/Upper Caves | Found Prototype Protection 11680 | -5/Upper Caves | Identified Enh. Scrap Shield 11696 | -5/Upper Caves | Lost 8 allies 11809 | -5/Upper Caves | Attracted the attention of an 0b10 outpost 12257 | -5/Upper Caves | Learned Factory non-interactive machine intel 12829 | -5/Upper Caves | Learned Factory trap positions 13179 | -5/Upper Caves | Encountered a Warlord checkpoint 13189 | -5/Upper Caves | Discovered new exit (range 15) 13591 | -5/Upper Caves | Attracted the attention of an 0b10 checkpoint 13870 | -5/Upper Caves | Entered another Upper Caves area 13934 | -5/Upper Caves | Discovered new exit (range 3) 14084 | -5/Upper Caves | Attacked by a delusional Derelict stockpiling parts 14155 | -5/Upper Caves | Attracted the attention of an 0b10 checkpoint 14336 | -5/Upper Caves | Prototype Device suddenly appears! 14350 | -5/Upper Caves | Found Prototype Device 14350 | -5/Upper Caves | Identified Amulet of Y3-NDR 14458 | -5/Upper Caves | Joined by bewildered Wizard 14458 | -5/Upper Caves | Joined by bewildered Wizard 14460 | -5/Upper Caves | Joined by bewildered Wizard 14471 | -5/Upper Caves | Joined by bewildered Wizard 14472 | -5/Upper Caves | Joined by bewildered Wizard 14516 | -5/Upper Caves | Joined by bewildered Wizard 14516 | -5/Upper Caves | Joined by bewildered Wizard 14516 | -5/Upper Caves | Lost 4 allies 14547 | -5/Upper Caves | Joined by bewildered Wizard 14826 | -5/Upper Caves | Build established: Scavenger-Mutant 14845 | -5/Upper Caves | Encountered a Warlord checkpoint 14932 | -5/Upper Caves | Discovered new exit (range 15) 14994 | -5/Upper Caves | Ambushed by research squad 15583 | -5/Upper Caves | Learned 12 Factory zone layouts 15764 | -5/Upper Caves | Entered Warlord 15764 | -5/Warlord | Accompanied by 2 allies 16147 | -5/Warlord | Tech Extrapolator generated special schematic: Heat Bomb Trap 16467 | -5/Warlord | Visited the Vortex Lab 16474 | -5/Warlord | Warlord's base attacked by MAIN.C 16479 | -5/Warlord | Found Prototype Energy Gun 16479 | -5/Warlord | Identified Vortex Rifle 16485 | -5/Warlord | Found Vortex Rifle 16647 | -5/Warlord | Rebuked by Warlord 16708 | -5/Warlord | Found Vortex Chain Reactor 16720 | -5/Warlord | Found Ghost Barrier 16824 | -5/Warlord | Warlord forces counterattacked 16884 | -5/Warlord | Spotted Striker 16885 | -5/Warlord | Spotted B-86 Titan 16887 | -5/Warlord | Spotted Striker 16888 | -5/Warlord | Spotted Executioner 16908 | -5/Warlord | Destroyed Executioner 16956 | -5/Warlord | Spotted Executioner 16996 | -5/Warlord | Discovered new exit (range 14) 17014 | -5/Warlord | Build established: Mutant 17014 | -5/Warlord | Entered Proximity Caves 17025 | -4/Proximity Caves | Lost 26 allies 17037 | -4/Proximity Caves | Joined by bewildered Wizard 17037 | -4/Proximity Caves | Joined by bewildered Wizard 17038 | -4/Proximity Caves | Joined by bewildered Wizard 17049 | -4/Proximity Caves | Attracted the attention of an 0b10 outpost 17098 | -4/Proximity Caves | Lost 3 allies 17256 | -4/Proximity Caves | Lost 3 parts (1n1u1w) 17286 | -4/Proximity Caves | Joined by bewildered Wizard 17287 | -4/Proximity Caves | Joined by bewildered Wizard 17298 | -4/Proximity Caves | Joined by bewildered Wizard 17586 | -4/Proximity Caves | Build established: Scavenger-Mutant 17646 | -4/Proximity Caves | Received a Behemoth hack from an annoying Tinkerer 18378 | -4/Proximity Caves | Learned 4 Research zone layouts 18452 | -4/Proximity Caves | Build established: Derelict-Mutant 18736 | -4/Proximity Caves | Discovered new exit (range 3) 18990 | -4/Proximity Caves | System corruption reached 10% 18995 | -4/Proximity Caves | Entered Factory 18995 | -4/Factory | Evolved 2 slots: Propulsion x1, Utility x1 18996 | -4/Factory | Identified exit to Armory 18997 | -4/Factory | Identified exit to Research 18998 | -4/Factory | Loaded intel: 127 trap records 18999 | -4/Factory | Loaded intel: 218 non-interactive machine locations 19618 | -4/Factory | Discovered exit to Research (range 15) 19653 | -4/Factory | Build established: Hacker-Mutant 19979 | -4/Factory | Build established: Scavenger-Mutant 19996 | -4/Factory | Scrapoid reinforcements arrived 20025 | -4/Factory | Garrison activated, responded to threat 20040 | -4/Factory | Found Scrap Suit 20060 | -4/Factory | Lost 5 allies 20079 | -4/Factory | Lost 3 parts (1p1u1w) 20096 | -4/Factory | Discovered exit to Research (range 20) 20395 | -4/Factory | Build established: Scavenger-Scrapper 20493 | -4/Factory | Spotted B-86 Titan 20495 | -4/Factory | First assault squad dispatched 20498 | -4/Factory | Befriended a Behemoth using the annoying Tinkerer's hack 20842 | -4/Factory | Destroyed 8 combat bots 20898 | -4/Factory | Garrison activated, responded to threat 21497 | -4/Factory | Fabricated Energy Deflector? 21513 | -4/Factory | Lost 4 parts (1p1n2u) 21551 | -4/Factory | High security lockdown imminent 21561 | -4/Factory | System corruption reached 10% 21631 | -4/Factory | High security lockdown engaged 21661 | -4/Factory | Garrison activated, responded to threat 21682 | -4/Factory | Destroyed 7 combat bots 21698 | -4/Factory | Spotted B-86 Titan 21728 | -4/Factory | Lost 3 parts (1u2w) 21752 | -4/Factory | Core integrity fell below 50% 21769 | -4/Factory | Core integrity fell below 20% 21774 | -4/Factory | Destroyed by B-86 Titan with Railgun Last Messages --------------- 21761_ Destabilizing: System corrupted (+1). 21761_ Critical hit (Meltdown: +350). 21761_ Knocked back. 21762_ Slammed into B-86 Titan. 21762_ Destabilizing: System interference. 21762_ Core Analyzer temporarily disabled. 21762_ Tech Extrapolator temporarily disabled. 21762_ Imp. Targeting Computer temporarily disabled. 21763_ Slammed into B-86 Titan. 21764_ Knocked back. 21766_ Slammed into B-86 Titan. 21768_ Tech Extrapolator destroyed. 21768_ Knocked back. 21768_ Penetrated by Slug. 21769_ Slammed into B-86 Titan. 21771_ Knocked back. 21771_ Slammed into B-86 Titan. 21773_ B-86 Titan exits siege mode. 21773_ Slammed into B-86 Titan. 21774_ Knocked back. Map ----- +----------------------------------------------------+ | ?????????"""??# # = # | | ?????????"""??+ + | | ??????????????# # # | | #?????????????# ## % # | | ?????????????######### # | | ?????????????????????# # | | ?????????????????????# # | | ????????????????????# # | | ????????????????????# # # #### # | | ???????????????# "" # # =! # | | #+##????#####????# S # ## ] % # " | | [ ###### #????# "" # ## "" """ # """" " | | ! #????# "" # ## "" "="""" "# % %%"""" " | | ######! #??### "" + ## """"[""""" " *%= | | ####????## ##??# + # ## """"!"""" " !%% [ | | ########## #???# ###### ## ![]" = #= [ * | | # ##### ##### # """" """* # = *[[ | | ! ! + + """" """ # [!!= | | # ##### ##### % # """" """" # !* | | ! # #####+#####;!## """" """" # ^ ^ | | #+######## ## #;/;# | | # #??????# ## #;!*;############# | | # #??????# ## #!!!! ##?????????# | | # #??????# ## #%!! ;##########" | | # #??????# #" ; BB | | # ######## ## # %@ BB;;;;;;;;## / ####### | | # ## # % ###### ! % % | | # ##### ###;###????# % " | | # #???# #?##???????# % % "" | | #???##########??????????# % Y" | | #########???????????????????????# % "" | | ????????????????????????????????# [ [% "" | | ????????????????????????????????# | | ????????????????????????????????#####"###"######## | | | | | | | | | | | | | | | | | | | | | | | | | | | | | | | | | +----------------------------------------------------+ Best States ------------- Heat Dissipation 93 Coolant Potential 100 Energy Generation 55 Energy Capacity 700 Matter Stores 300 Matter Capacity 300 Sight Range 16 Terrain Scan Density 10 Jamming Range 16 Base Temperature (-) 200 Corruption Block 14 Armor Coverage 1200 Core Shielding 30 Projectile Deflection 10 Evasion (%) 50 Targeting Accuracy 6 Core Analysis 6 Recoil Reduction 3 Offensive Hacking 28 Defensive Hacking 20 Item Schematics ----------------- Tesla Rifle | -7/Recycling | Hacked Mak. Leg | -7/Scraptown | Extrapolated Machine Rigger | -7/Scraptown | Extrapolated Spk. Treads | -7/Scraptown | Extrapolated Spk. Medium Treads | -7/Scraptown | Extrapolated Mak. Light Armor Plating | -7/Scraptown | Extrapolated Mak. Coolant Network | -7/Scraptown | Extrapolated Mak. Medium Armor Plating | -7/Scraptown | Extrapolated Mak. Ablative Armor | -7/Scraptown | Extrapolated Ripper | -7/Scraptown | Extrapolated Energy Deflector | -7/Scraptown | Extrapolated Mak. Laser | -7/Scraptown | Extrapolated Mak. Terrain Scan Processor | -5/Factory | Extrapolated Beamcaster | -5/Factory | Extrapolated Hvy. Beamcaster | -5/Factory | Extrapolated 0b10 Decoder Chip [Generic] | -5/Factory | Extrapolated 0b10 Decoder Chip [Scout] | -5/Factory | Extrapolated 0b10 Decoder Chip [Skirmisher] | -5/Factory | Extrapolated Mak. Heavy Armor Plating | -5/Upper Caves | Extrapolated Arc Thrower | -5/Upper Caves | Extrapolated Mak. Trap Scanner | -5/Upper Caves | Extrapolated Imp. Arc Thrower | -5/Upper Caves | Extrapolated Mak. Hacking Suite | -5/Upper Caves | Extrapolated Mak. System Shield | -5/Upper Caves | Extrapolated Mak. Salvage Targeting Computer | -5/Upper Caves | Extrapolated Plasma Flamer | -5/Upper Caves | Extrapolated Mak. Thermal Plating | -5/Warlord | Extrapolated Mak. Power Source | -5/Warlord | Extrapolated Hvy. Battle Rifle | -5/Warlord | Extrapolated Heat Bomb Trap | -5/Warlord | Extrapolated Spk. Heavy Treads | -5/Warlord | Extrapolated Mak. Targeting Computer | -5/Warlord | Extrapolated Mak. Weapon Shielding | -5/Warlord | Extrapolated Mak. Propulsion Shielding | -5/Warlord | Extrapolated Mak. Kinetic Plating | -5/Warlord | Extrapolated Mak. Hammer | -4/Proximity Caves | Extrapolated Mak. Core Shielding | -4/Proximity Caves | Extrapolated Mak. Spear | -4/Proximity Caves | Extrapolated Multitool | -4/Factory | Extrapolated Mak. Shrapnel Gun | -4/Factory | Extrapolated Tactical Coordination Suite | -4/Factory | Extrapolated Mak. Terrain Scanner | -4/Factory | Extrapolated Mak. Transmission Jammer | -4/Factory | Extrapolated Mak. Axe | -4/Factory | Extrapolated Mak. Flight Unit | -4/Factory | Extrapolated Robot Schematics ------------------ None Fabricated ------------ Energy Deflector | x1 | -4/Factory Alien Tech Used ----------------- None Achievements -------------- None Challenges ------------ None Game ------ Seed BeamGhostStorage Manual? 0 Play Time 01:51:57 Cumulative 1646.2 hours Start 2024.08.15 @ 03:35:17 End 2024.08.15 @ 05:29:42 Sessions 1 Manual Loads 0 Difficulty Rogue Special Mode None Game No. 1124 Rogue 1120 Adventurer 4 Explorer 0 Win Type - Total 209 Types 156/11/15/9/2/1/3/8/4 Lore% 97 Gallery% 97 Achievement% 98 Wizard Run 0 Options --------- Layout 2 ASCII 0 Keyboard 1 Movement Vi Keybinds 0 Fullscreen 0 Font 24/Terminus Map View 59x48 Zoom Use 0% Tactical HUD 1 Map Filters NONE Filters NONE Steam 1 RUN: f8d18921-bc41-4979-8df4-0c9613edaefa